 Dungeon Crawl Stone Soup version 0.20.1-1-g8b1a95d (webtiles) character file.

18 OneorTwo the Digger (level 2, -3/15 HPs)
             Began as a Gargoyle Earth Elementalist on July 28, 2017.
             Slain by Terence
             ... wielding a +0 falchion
              (5 damage)
             ... on level 1 of the Dungeon.
             The game lasted 00:07:52 (1895 turns).

OneorTwo the Digger (Gargoyle Earth Elementalist)   Turns: 1895, Time: 00:07:52

Health: -3/15      AC:  5    Str: 11    XL:     2   Next: 70%
Magic:  0/5        EV: 12    Int: 15    God:
Gold:   83         SH:  0    Dex: 10    Spells: 4/5 levels left

rFire    . . .     SeeInvis .   f - +0 whip
rCold    . . .     Gourm    .   (no shield)
rNeg     + . .     Faith    .   c - +0 robe
rPois    ∞         Spirit   .   (no helmet)
rElec    +         Reflect  .   k - +0 cloak
rCorr    .         Harm     .   (no gloves)
MR       .....                  (no boots)
Stlth    ++........             (no amulet)
Regen    0.1/turn               j - ring of wizardry
MPRegen  0.1/turn               (no ring)

@: no status effects
A: negative energy resistance 1, electricity resistance, unbreathing,
petrification resistance, rot immunity, AC +2
a: no special abilities


You were on level 1 of the Dungeon.
You were not hungry.

You visited 1 branch of the dungeon, and saw 2 of its levels.

You collected 83 gold pieces.

Inventory:

Hand Weapons
 f - a +0 whip (weapon)
Missiles
 b - 112 stones (quivered)
Armour
 c - a +0 robe (worn)
 k - a +0 cloak (worn)
Jewellery
 j - a ring of wizardry (left hand)
Scrolls
 a - 4 scrolls of remove curse {unknown}
 h - 2 scrolls of enchant weapon {unknown}
 n - a scroll of amnesia {unknown}
Potions
 g - a potion of degeneration {unknown}
 i - a potion of might {unknown}
 o - a potion of brilliance {unknown}
 p - a potion of lignification {unknown}
Books
 e - a book of Geomancy

   Spells                             Type                      Level
   a - Sandblast                      Earth                        1
   b - Passwall                       Transmutation/Earth          2
   c - Stone Arrow                    Conjuration/Earth            3
   d - Petrify                        Transmutation/Earth          4
   e - Lee's Rapid Deconstruction     Earth                        5
Comestibles
 d - a bread ration
 m - 2 royal jellies


   Skills:
 - Level 1.6 Dodging
 - Level 2.1 Stealth
 + Level 2.3 Spellcasting
   Level 0.7 Transmutations
 + Level 4.3 Earth Magic


You had 4 spell levels left.
You knew the following spells:

 Your Spells              Type           Power        Failure   Level  Hunger
a - Sandblast             Erth           ##....       1%          1    #......


Dungeon Overview and Level Annotations

Branches:
Dungeon (2/15)

Altars:

Annotations:
D:1 Terence


Innate Abilities, Weirdness & Mutations

You are resistant to torment.
Your stone body is resilient. (AC +2)
You are immune to poison.
You resist negative energy. (rN+)
You are resistant to electric shocks. (rElec)
You can survive without breathing.
You are immune to petrification.
You are immune to rotting.


Message History

b - 113 stones Terence barely misses you.
You barely miss Terence.
Terence is heavily wounded.
Terence barely misses you.
You closely miss Terence.
Terence is heavily wounded.
Terence hits you but does no damage.
Casting: Sandblast
Confirm with . or Enter, or press ? or * to list all spells.
Aiming: Sandblast
Press: ? - help, Shift-Dir - straight line, f/p - Terence
Aim: Terence, wielding a falchion and wearing a chain mail (heavily wounded)
The blast of sand hits Terence.
Terence is heavily wounded.
b - 112 stones You hit Terence but do no damage.
Terence is heavily wounded.
Terence hits you with a falchion.
You die...

#........##.#.#.....#..#..
#...........#.#.....#.....
#.........###.#..........#
#.........# #.......####.#
####......# #.#..........#
###..### #.#.#.#.......
##.#########.##......
#.#.......#........#
#.'@@.>.>.(.##.###.#
#.#.......####...#.#
#.######### #......
#.#.......####......
#.'...<...+.##......
###.......#.........
############...... #......
#....#.


You could see Terence.

Vanquished Creatures
  A worm (D:2)
  A dart slug (D:1)
  2 goblins (D:1)
  2 hobgoblins (D:1)
  2 bats
  3 kobolds
  4 rats
15 creatures vanquished.

Notes
Turn   | Place    | Note
-------+----------+-------------------------------------------
     0 | D:1      | OneorTwo the Gargoyle Earth Elementalist began the quest for the Orb.
     0 | D:1      | Reached XP level 1. HP: 10/10 MP: 3/3
   522 | D:1      | Reached skill level 4 in Earth Magic
   522 | D:1      | Reached XP level 2. HP: 15/15 MP: 3/5
  1126 | D:2      | Noticed Terence
  1895 | D:1      | Slain by Terence

Skill      XL: |  1 |
---------------+----+-----
Earth Magic    | 4 |  4.3
Dodging        | |  1.6
Stealth        | |  2.1
Spellcasting   | |  2.3
Transmutations | |  0.7

Action                   || total
-------------------------++-------
Melee: Unarmed           ||    10
       Whip              ||    32
Throw: Stone             ||     3
 Cast: Sandblast         ||    59
 Stab: Sleeping          ||     1
  Eat: Bread ration      ||     1
       Chunk             ||     1
Armor: Robe              ||    14
Dodge: Dodged            ||    53
